Map: Daybreak LE (Void)

Players

Zergring

  • Race: Terran Terran
  • League: Gold
  • Spawn Location: 1:00

A.I. 1 (Very Easy) - Winner!

  • Race: Terran Terran
  • Spawn Location: 7:00

VOD

Have the link to the VOD?

Description

Build order for TvT

Time

  • Played on: Dec. 17, 2016, 4:37 a.m.
  • Length: 3:31
Show
View Real Time Build Order
Export as new Build Order

Zergring Terran 

Build Orders: Reaper Expand 

Get SALT Encoding   

  12  0:00  SCV  
  13  0:13  SCV  
  14  0:18  Supply Depot  
  14  0:25  SCV  
  15  0:30  Refinery  
  15  0:39  SCV  
  16  0:46  Barracks  
  16  0:51  SCV  
  17  1:03  SCV  
  18  1:15  SCV  
  19  1:32  Orbital Command  
  19  1:33  Reaper  
  20  1:49  Command Center  
  20  1:57  SCV  
  21  2:04  Factory  
  21  2:07  Reaper  
  22  2:17  Supply Depot  
  22  2:20  SCV, Refinery  
  23  2:38  SCV  
  23  2:39  Reaper  
  25  2:48  Hellion  
  27  2:52  SCV  
  27  2:54  Starport  
  28  3:01  Orbital Command  
  28  3:04  SCV  
  29  3:12  Marine  
  30  3:18  SCV  
Show
View Real Time Build Order
Export as new Build Order

A.I. 1 (Very Easy) Terran - Winner!

Build Orders:  

Get SALT Encoding   

  12  0:00  SCV  
  13  0:13  SCV  
  14  0:19  Supply Depot  
  14  0:36  Refinery  
  14  0:47  Barracks  
  14  1:04  Supply Depot  
  14  1:13  Refinery  
  14  1:31  SCV  
  15  1:33  Marine  
  16  1:43  SCV  
  17  1:56  SCV  
  18  2:03  Marine  
  18  2:08  SCV  
  20  2:20  SCV  
  21  2:32  SCV  
  21  2:33  Marine  
  23  2:44  Orbital Command  
Tags
 
League
Gold
Matchup
TvT
Race
Terran
Spawn Locations
Cross Positions
Add a new tag
Caveats
  • Supply blocks, unpowered buildings, or Contaminate may cause inaccurate times.
  • Supply counts are checked every 10 seconds.